Connexion

EDMONTON Oilers vs ST. LOUIS Blues

Created - 27 décembre 2023 at 05:45

Goals
1 2 3 T
EDMONTON Oilers 0 1 2 3
ST. LOUIS Blues 2 1 1 4
Shots
1 2 3 T
EDMONTON Oilers 12 8 11 31
ST. LOUIS Blues 13 3 20 36

GoalsPenalties
1st period
1. ST. LOUIS Blues , Jesper Bratt 22 (Dylan Larkin 38, Brendan Gallagher 24) at 9:47
2. ST. LOUIS Blues , Dominic Kubalik 8 (Jonas Brodin 17, Justin Schultz 34) at 18:17
Brayden McNabb (STL) for Fighting (Major) at 10:56
Alexander Romanov (EDM) for Fighting (Major) at 10:56
Matthew Highmore (STL) for Holding (Minor) at 13:06
Marcus Foligno (STL) for Tripping (Minor) at 16:30
Alexander Romanov (EDM) for Tripping (Minor) at 17:23
2nd period
3. EDMONTON Oilers , Anthony Cirelli 5 (Rasmus Sandin 14, Dylan Strome 13) at 18:34
4. ST. LOUIS Blues , David Perron 13 (Justin Schultz 35, James Neal 18) at 19:55
No Penalty
3rd period
5. EDMONTON Oilers , Nikolaj Ehlers 14 (Arthur Kaliyev 12, Ryan O'Reilly 31) at 2:17
6. ST. LOUIS Blues , Craig Smith 13 (Jaden Schwartz 29) at 3:56
7. EDMONTON Oilers , Rasmus Sandin 4 (Jack Quinn 9, Dylan Strome 14) at 11:17
Alexander Romanov (EDM) for Cross-checking (Minor) at 5:59
Tony DeAngelo (EDM) for High sticking (Minor) at 12:01
Brayden McNabb (STL) for Roughing (Minor) at 14:58
Goalie Stats
Juuse Saros (EDM), 32 saves from 36 shots - (0,889), L, 24-12-6, 59:42 minutes
Mackenzie Blackwood (STL), 28 saves from 31 shots - (0,903), W, 25-11-2, 60:00 minutes
3 StarsOfficial
1 - Rasmus Sandin (EDM)
2 - Craig Smith (STL)
3 - Dominic Kubalik (STL)
Referees : Kyle Rehman and Rob Shick
Linesman : Brad Lazarowich and Steve Barton
Game Note
Alexander Romanov beats up Brayden McNabb at 10:56 of 1st period
Finance
Level 1 -- Attendance: 5558 (92,63%) -- Ticket Income $722,540
Level 2 -- Attendance: 5339 (86,81%) -- Ticket Income $405,764
Level 3 -- Attendance: 1830 (91,50%) -- Ticket Income $106,140
Level 4 -- Attendance: 4000 (100,00%) -- Ticket Income $148,000
Luxury Box -- Attendance: 1000 (100,00%) -- Ticket Income $280,000
Game was played at the Scottrade Center.
Total Attendance: 17727 (92,57%)
Total Ticket Income: $1,662,444
Other Income: $332,489
Total Income: $1,994,933



Team Name Goals Shots Shots Attemp Shots Blocked PIM HIT PP PK FO%
EDMONTON Oilers 33165111190 / 3 (0%)056%
ST. LOUIS Blues 436731211230 / 3 (0%)044%

EDMONTON Oilers
Player Name POS G A P +/- PIM HIT SHT SB MP PP MP PP SHT PK MP PK SHT FO% FOT
Alexander RomanovD0000901111:220:0200:3000% 0
Anthony CirelliC1011011012:090:0002:44054% 13
Arthur KaliyevRW0110001017:542:0200:000100% 1
Casey CizikasC000000006:140:0000:0000% 1
Clayton KellerC/LW/RW000-1002021:062:4900:00050% 4
Dylan StromeC0221012012:090:0002:44050% 2
Jack QuinnRW0111004010:010:0000:0000% 2
Jonas SiegenthalerD0001011123:040:1201:5200% 0
Mackenzie EntwistleRW000000006:140:0000:0000% 0
Mitch MarnerRW000-2004021:002:4900:000100% 2
Nico HischierC000-2002121:002:4900:00056% 27
Nikolaj EhlersLW1010014020:012:0202:0700% 1
Oliver Ekman-LarssonD0001010424:261:5902:1000% 0
Rasmus SandinD1120021114:371:5000:0000% 0
Roman Josi D000-2001223:592:4913:2000% 0
Ryan O'ReillyC/LW0110003020:012:0202:07063% 41
Tony DeAngeloD000-2224122:282:4901:5000% 0
Yegor SharangovichC/LW000000006:140:0000:00020% 5
ST. LOUIS Blues
Player Name POS G A P +/- PIM HIT SHT SB MP PP MP PP SHT PK MP PK SHT FO% FOT
Brayden McNabbD0000720116:442:0900:2400% 0
Brendan GallagherRW011-1030023:052:0902:3400% 3
Chris TierneyC000000003:140:0000:36050% 2
Craig SmithC/RW1011022012:540:0000:00031% 13
David PerronC/LW/RW1010003118:362:4200:00048% 33
Dominic KubalikLW1011018120:322:4221:26067% 3
Dylan LarkinC/LW011-1021019:552:0900:00047% 32
Jaden SchwartzLW0112000014:500:0001:2600% 1
Jake LeschyshynC000000001:000:0000:0000% 0
James NealLW/RW0110027018:362:4200:00050% 2
Jeremy LauzonD0002000014:030:0002:0000% 0
Jesper BrattLW/RW101-1005124:432:0902:34033% 6
Jonas BrodinD011-1033127:352:4222:1700% 0
Justin SchultzD022-1043227:272:4212:0900% 0
Luke SchennD0002010214:350:0001:0600% 0
Marcus FolignoLW000021003:280:0000:5100% 0
Matthew HighmoreC/LW/RW0001211013:080:0000:15075% 4
Olli JuoleviD0000013319:342:0921:4600% 0



Play-by-Play

1st period


0:01 of 1st period - Ryan O'Reilly wins face-off versus Jesper Bratt in neutral zone.
0:05 of 1st period - Tony DeAngelo is hit by Jonas Brodin and loses puck.
0:12 of 1st period - Shot by Arthur Kaliyev.
0:12 of 1st period - Stopped by Mackenzie Blackwood without a rebound.
0:13 of 1st period - Nico Hischier wins face-off versus David Perron in ST. LOUIS Blues zone.
0:18 of 1st period - Shot by Clayton Keller.
0:18 of 1st period - Stopped by Mackenzie Blackwood without a rebound.
0:19 of 1st period - Dylan Strome wins face-off versus Craig Smith in ST. LOUIS Blues zone.
0:28 of 1st period - Shot by Alexander Romanov.
0:28 of 1st period - Stopped by Mackenzie Blackwood without a rebound.
0:29 of 1st period - Nico Hischier wins face-off versus Chris Tierney in ST. LOUIS Blues zone.
0:29 of 1st period - Mitch Marner is hit by Jonas Brodin and loses puck.
0:50 of 1st period - Shot by Mitch Marner.
0:50 of 1st period - Stopped by Mackenzie Blackwood without a rebound.
0:51 of 1st period - David Perron wins face-off versus Ryan O'Reilly in ST. LOUIS Blues zone.
0:53 of 1st period - Icing by Dominic Kubalik.
0:54 of 1st period - Yegor Sharangovich wins face-off versus James Neal in ST. LOUIS Blues zone.
1:15 of 1st period - Shot by Dominic Kubalik.
1:15 of 1st period - Deflect By David Perron.
1:15 of 1st period - Shot Misses the Net.
1:17 of 1st period - Shot by James Neal.
1:17 of 1st period - Stopped by Juuse Saros without a rebound.
1:18 of 1st period - Dylan Larkin wins face-off versus Ryan O'Reilly in EDMONTON Oilers zone.
1:30 of 1st period - Off-side.
1:31 of 1st period - Craig Smith wins face-off versus Anthony Cirelli in neutral zone.
2:07 of 1st period - Shot by Dylan Strome.
2:07 of 1st period - Shot Misses the Net.
2:18 of 1st period - Off-side.
2:19 of 1st period - Dylan Larkin wins face-off versus Nico Hischier in neutral zone.
2:27 of 1st period - Brendan Gallagher is hit by Tony DeAngelo and loses puck.
2:34 of 1st period - Shot by Tony DeAngelo.
2:34 of 1st period - Stopped by Mackenzie Blackwood without a rebound.
2:35 of 1st period - Ryan O'Reilly wins face-off versus David Perron in ST. LOUIS Blues zone.
2:50 of 1st period - Shot by James Neal.
2:50 of 1st period - Stopped by Juuse Saros without a rebound.
2:51 of 1st period - Clayton Keller wins face-off versus Dylan Larkin in EDMONTON Oilers zone.
2:51 of 1st period - Clayton Keller is hit by Dylan Larkin.
3:12 of 1st period - Icing by Justin Schultz.
3:13 of 1st period - Ryan O'Reilly wins face-off versus Dylan Larkin in ST. LOUIS Blues zone.
3:42 of 1st period - Icing by Arthur Kaliyev.
3:43 of 1st period - David Perron wins face-off versus Ryan O'Reilly in EDMONTON Oilers zone.
3:52 of 1st period - Shot by James Neal.
3:52 of 1st period - Stopped by Juuse Saros without a rebound.
3:53 of 1st period - David Perron wins face-off versus Nico Hischier in EDMONTON Oilers zone.
4:06 of 1st period - Shot by David Perron.
4:06 of 1st period - Shot Misses the Net.
4:08 of 1st period - Shot by Dominic Kubalik.
4:08 of 1st period - Stopped by Juuse Saros without a rebound.
4:09 of 1st period - Anthony Cirelli wins face-off versus Craig Smith in EDMONTON Oilers zone.
5:03 of 1st period - Mitch Marner is hit by Craig Smith and loses puck.
5:39 of 1st period - Shot by Mitch Marner.
5:39 of 1st period - Stopped by Mackenzie Blackwood without a rebound.
5:40 of 1st period - Ryan O'Reilly wins face-off versus Dylan Larkin in ST. LOUIS Blues zone.
5:52 of 1st period - Off-side.
5:53 of 1st period - David Perron wins face-off versus Yegor Sharangovich in neutral zone.
6:09 of 1st period - Oliver Ekman-Larsson is hit by Luke Schenn and loses puck.
6:27 of 1st period - Shot by Dominic Kubalik.
6:27 of 1st period - Stopped by Juuse Saros without a rebound.
6:28 of 1st period - Ryan O'Reilly wins face-off versus Brendan Gallagher in EDMONTON Oilers zone.
6:28 of 1st period - Nikolaj Ehlers is hit by Brendan Gallagher and loses puck.
6:34 of 1st period - Ryan O'Reilly is hit by Olli Juolevi and loses puck.
6:40 of 1st period - Icing by Brayden McNabb.
6:41 of 1st period - Nico Hischier wins face-off versus Dylan Larkin in ST. LOUIS Blues zone.
6:56 of 1st period - Shot by Clayton Keller.
6:56 of 1st period - Stopped by Mackenzie Blackwood without a rebound.
6:57 of 1st period - Ryan O'Reilly wins face-off versus David Perron in ST. LOUIS Blues zone.
7:38 of 1st period - Shot by David Perron.
7:38 of 1st period - Shot Hit the Post.
7:40 of 1st period - Shot by James Neal.
7:40 of 1st period - Stopped by Juuse Saros without a rebound.
7:41 of 1st period - Nico Hischier wins face-off versus Dylan Larkin in EDMONTON Oilers zone.
7:41 of 1st period - Nico Hischier is hit by Dylan Larkin.
8:09 of 1st period - Shot by Dylan Larkin.
8:09 of 1st period - Shot Misses the Net.
8:11 of 1st period - Shot by Justin Schultz.
8:11 of 1st period - Shot Blocked by Oliver Ekman-Larsson.
8:13 of 1st period - Shot by Jesper Bratt.
8:13 of 1st period - Shot Blocked by Oliver Ekman-Larsson.
8:25 of 1st period - Shot by Dylan Larkin.
8:25 of 1st period - Shot Blocked by Oliver Ekman-Larsson.
8:32 of 1st period - Icing by Mitch Marner.
8:33 of 1st period - Craig Smith wins face-off versus Clayton Keller in EDMONTON Oilers zone.
9:23 of 1st period - Icing by Jonas Siegenthaler.
9:24 of 1st period - Nico Hischier wins face-off versus David Perron in EDMONTON Oilers zone.
9:37 of 1st period - Shot by David Perron.
9:37 of 1st period - Shot Misses the Net.
9:39 of 1st period - Shot by David Perron.
9:39 of 1st period - Stopped by Juuse Saros without a rebound.
9:40 of 1st period - Dylan Larkin wins face-off versus Ryan O'Reilly in EDMONTON Oilers zone.
9:41 of 1st period - Shot by Brendan Gallagher.
9:41 of 1st period - Shot Misses the Net.
9:43 of 1st period - Shot by Brendan Gallagher.
9:43 of 1st period - Shot Misses the Net.
9:45 of 1st period - Shot by Dylan Larkin.
9:45 of 1st period - Shot Misses the Net.
9:47 of 1st period - Shot by Jesper Bratt.
9:47 of 1st period - Goal by Jesper Bratt - EDMONTON Oilers : 0 - ST. LOUIS Blues : 1.
9:48 of 1st period - Ryan O'Reilly wins face-off versus Brendan Gallagher in neutral zone.
9:53 of 1st period - Shot by Ryan O'Reilly.
9:53 of 1st period - Deflect By Nikolaj Ehlers.
9:53 of 1st period - Shot Misses the Net.
10:15 of 1st period - Nikolaj Ehlers is hit by Brendan Gallagher and loses puck.
10:28 of 1st period - Shot by Brendan Gallagher.
10:28 of 1st period - Deflect By Jesper Bratt.
10:28 of 1st period - Stopped by Juuse Saros without a rebound.
10:29 of 1st period - David Perron wins face-off versus Anthony Cirelli in EDMONTON Oilers zone.
10:29 of 1st period - James Neal is hit by Rasmus Sandin and loses puck.
10:32 of 1st period - Shot by David Perron.
10:32 of 1st period - Shot Misses the Net.
10:34 of 1st period - Shot by James Neal.
10:34 of 1st period - Deflect By David Perron.
10:34 of 1st period - Shot Blocked by Rasmus Sandin.
10:36 of 1st period - Shot by James Neal.
10:36 of 1st period - Stopped by Juuse Saros without a rebound.
10:37 of 1st period - Dominic Kubalik wins face-off versus Jack Quinn in EDMONTON Oilers zone.
10:37 of 1st period - Dominic Kubalik is hit by Rasmus Sandin.
10:43 of 1st period - Shot by David Perron.
10:43 of 1st period - Shot Hit the Post.
10:45 of 1st period - Shot by James Neal.
10:45 of 1st period - Stopped by Juuse Saros without a rebound.
10:46 of 1st period - David Perron wins face-off versus Anthony Cirelli in EDMONTON Oilers zone.
10:56 of 1st period - Alexander Romanov beats up Brayden McNabb.
10:56 of 1st period - Penalty to Brayden McNabb for Fighting.
10:56 of 1st period - Penalty to Alexander Romanov for Fighting.
10:57 of 1st period - Chris Tierney wins face-off versus Ryan O'Reilly in neutral zone.
11:12 of 1st period - Shot by Justin Schultz.
11:12 of 1st period - Stopped by Juuse Saros without a rebound.
11:13 of 1st period - Anthony Cirelli wins face-off versus David Perron in EDMONTON Oilers zone.
11:28 of 1st period - Shot by Dylan Strome.
11:28 of 1st period - Shot Blocked by Olli Juolevi.
11:30 of 1st period - Shot by Rasmus Sandin.
11:30 of 1st period - Shot Blocked by David Perron.
11:32 of 1st period - Shot by Anthony Cirelli.
11:32 of 1st period - Shot Blocked by Olli Juolevi.
13:06 of 1st period - Minor Penalty to Matthew Highmore for Holding.
13:07 of 1st period - Mitch Marner wins face-off versus Jesper Bratt in ST. LOUIS Blues zone.
13:16 of 1st period - Shot by Mitch Marner.
13:16 of 1st period - Shot Misses the Net.
15:09 of 1st period - Shot by Anthony Cirelli.
15:09 of 1st period - Shot Misses the Net.
15:35 of 1st period - Shot by Dylan Strome.
15:35 of 1st period - Stopped by Mackenzie Blackwood without a rebound.
15:36 of 1st period - David Perron wins face-off versus Casey Cizikas in ST. LOUIS Blues zone.
16:30 of 1st period - Minor Penalty to Marcus Foligno for Tripping.
16:31 of 1st period - Jesper Bratt wins face-off versus Nico Hischier in ST. LOUIS Blues zone.
17:23 of 1st period - Minor Penalty to Alexander Romanov for Tripping.
17:24 of 1st period - Clayton Keller wins face-off versus Jesper Bratt in EDMONTON Oilers zone.
17:37 of 1st period - Shot by Oliver Ekman-Larsson.
17:37 of 1st period - Shot Blocked by Jesper Bratt.
17:39 of 1st period - Shot by Jack Quinn.
17:39 of 1st period - Shot Misses the Net.
17:41 of 1st period - Shot by Oliver Ekman-Larsson.
17:41 of 1st period - Deflect By Jack Quinn.
17:41 of 1st period - Stopped by Mackenzie Blackwood with a rebound.
17:47 of 1st period - Shot by Jack Quinn.
17:47 of 1st period - Stopped by Mackenzie Blackwood without a rebound.
17:48 of 1st period - Dominic Kubalik wins face-off versus Nico Hischier in ST. LOUIS Blues zone.
18:17 of 1st period - Shot by Dominic Kubalik.
18:17 of 1st period - Goal by Dominic Kubalik - EDMONTON Oilers : 0 - ST. LOUIS Blues : 2.
18:18 of 1st period - Jesper Bratt wins face-off versus Clayton Keller in neutral zone.
18:27 of 1st period - Shot by Brendan Gallagher.
18:27 of 1st period - Shot Misses the Net.
18:29 of 1st period - Shot by Brendan Gallagher.
18:29 of 1st period - Shot Misses the Net.
19:23 of 1st period - Shot by Dylan Strome.
19:23 of 1st period - Stopped by Mackenzie Blackwood without a rebound.
19:24 of 1st period - Ryan O'Reilly wins face-off versus Craig Smith in ST. LOUIS Blues zone.
19:27 of 1st period - Shot by Arthur Kaliyev.
19:27 of 1st period - Shot Hit the Post.
19:29 of 1st period - Shot by Nikolaj Ehlers.
19:29 of 1st period - Stopped by Mackenzie Blackwood without a rebound.
19:30 of 1st period - Nico Hischier wins face-off versus Craig Smith in ST. LOUIS Blues zone.
19:31 of 1st period - Shot by Mitch Marner.
19:31 of 1st period - Shot Misses the Net.
Goals for this period are 0 for EDMONTON Oilers vs 2 for ST. LOUIS Blues .
Shots for this period are 12 for EDMONTON Oilers vs 13 for ST. LOUIS Blues .

2nd period


0:01 of 2nd period - Nico Hischier wins face-off versus Brendan Gallagher in neutral zone.
0:10 of 2nd period - Shot by Tony DeAngelo.
0:10 of 2nd period - Stopped by Mackenzie Blackwood without a rebound.
0:11 of 2nd period - Ryan O'Reilly wins face-off versus David Perron in ST. LOUIS Blues zone.
0:11 of 2nd period - Ryan O'Reilly is hit by Jonas Brodin.
0:13 of 2nd period - Shot by Nikolaj Ehlers.
0:13 of 2nd period - Stopped by Mackenzie Blackwood without a rebound.
0:14 of 2nd period - Ryan O'Reilly wins face-off versus Dylan Larkin in ST. LOUIS Blues zone.
0:14 of 2nd period - Ryan O'Reilly is hit by Justin Schultz.
0:20 of 2nd period - Shot by Nikolaj Ehlers.
0:20 of 2nd period - Deflect By Ryan O'Reilly.
0:20 of 2nd period - Stopped by Mackenzie Blackwood without a rebound.
0:21 of 2nd period - Nico Hischier wins face-off versus Dylan Larkin in ST. LOUIS Blues zone.
0:35 of 2nd period - Icing by Jonas Brodin.
0:36 of 2nd period - Ryan O'Reilly wins face-off versus Dylan Larkin in ST. LOUIS Blues zone.
1:03 of 2nd period - Off-side.
1:04 of 2nd period - David Perron wins face-off versus Nico Hischier in neutral zone.
1:06 of 2nd period - Olli Juolevi is hit by Tony DeAngelo and loses puck.
1:29 of 2nd period - Shot by Nico Hischier.
1:29 of 2nd period - Stopped by Mackenzie Blackwood without a rebound.
1:30 of 2nd period - Ryan O'Reilly wins face-off versus Craig Smith in ST. LOUIS Blues zone.
1:51 of 2nd period - Jonas Brodin is hit by Nikolaj Ehlers and loses puck.
2:12 of 2nd period - Shot by Arthur Kaliyev.
2:12 of 2nd period - Shot Blocked by Justin Schultz.
2:14 of 2nd period - Shot by Ryan O'Reilly.
2:14 of 2nd period - Stopped by Mackenzie Blackwood without a rebound.
2:15 of 2nd period - Mitch Marner wins face-off versus Dylan Larkin in ST. LOUIS Blues zone.
3:37 of 2nd period - Rasmus Sandin is hit by James Neal and loses puck.
7:06 of 2nd period - Shot by Dylan Strome.
7:06 of 2nd period - Shot Misses the Net.
7:13 of 2nd period - Icing by Olli Juolevi.
7:14 of 2nd period - Ryan O'Reilly wins face-off versus David Perron in ST. LOUIS Blues zone.
7:36 of 2nd period - Nikolaj Ehlers is hit by Marcus Foligno and loses puck.
8:05 of 2nd period - Icing by Oliver Ekman-Larsson.
8:06 of 2nd period - Ryan O'Reilly wins face-off versus Craig Smith in EDMONTON Oilers zone.
8:48 of 2nd period - Clayton Keller is hit by Justin Schultz and loses puck.
8:55 of 2nd period - Shot by Clayton Keller.
8:55 of 2nd period - Shot Misses the Net.
10:15 of 2nd period - Jaden Schwartz is hit by Anthony Cirelli and loses puck.
11:08 of 2nd period - Shot by Dylan Larkin.
11:08 of 2nd period - Shot Misses the Net.
11:16 of 2nd period - Shot by Jonas Siegenthaler.
11:16 of 2nd period - Shot Misses the Net.
11:18 of 2nd period - Shot by Jonas Siegenthaler.
11:18 of 2nd period - Stopped by Mackenzie Blackwood without a rebound.
11:19 of 2nd period - James Neal wins face-off versus Ryan O'Reilly in ST. LOUIS Blues zone.
11:36 of 2nd period - Shot by Luke Schenn.
11:36 of 2nd period - Shot Misses the Net.
11:58 of 2nd period - Shot by Roman Josi .
11:58 of 2nd period - Shot Misses the Net.
12:00 of 2nd period - Shot by Arthur Kaliyev.
12:00 of 2nd period - Shot Blocked by Luke Schenn.
14:23 of 2nd period - Shot by Jack Quinn.
14:23 of 2nd period - Stopped by Mackenzie Blackwood without a rebound.
14:24 of 2nd period - Dylan Larkin wins face-off versus Jack Quinn in ST. LOUIS Blues zone.
14:24 of 2nd period - Dylan Larkin is hit by Dylan Strome.
14:33 of 2nd period - Jack Quinn is hit by Brayden McNabb and loses puck.
14:55 of 2nd period - Icing by Jonas Siegenthaler.
14:56 of 2nd period - David Perron wins face-off versus Dylan Strome in EDMONTON Oilers zone.
15:02 of 2nd period - Icing by Oliver Ekman-Larsson.
15:03 of 2nd period - David Perron wins face-off versus Anthony Cirelli in EDMONTON Oilers zone.
15:16 of 2nd period - Shot by Dominic Kubalik.
15:16 of 2nd period - Stopped by Juuse Saros without a rebound.
15:17 of 2nd period - Nico Hischier wins face-off versus Dylan Larkin in EDMONTON Oilers zone.
15:42 of 2nd period - Shot by Jesper Bratt.
15:42 of 2nd period - Shot Hit the Post.
15:44 of 2nd period - Shot by Brendan Gallagher.
15:44 of 2nd period - Deflect By Jesper Bratt.
15:44 of 2nd period - Shot Misses the Net.
15:46 of 2nd period - Shot by Jesper Bratt.
15:46 of 2nd period - Stopped by Juuse Saros with a rebound.
17:10 of 2nd period - Icing by Nikolaj Ehlers.
17:11 of 2nd period - Dylan Larkin wins face-off versus Ryan O'Reilly in EDMONTON Oilers zone.
17:15 of 2nd period - Icing by Ryan O'Reilly.
17:16 of 2nd period - Ryan O'Reilly wins face-off versus Dylan Larkin in EDMONTON Oilers zone.
17:22 of 2nd period - Arthur Kaliyev is hit by Brayden McNabb.
17:53 of 2nd period - Icing by Oliver Ekman-Larsson.
17:54 of 2nd period - Arthur Kaliyev wins face-off versus David Perron in EDMONTON Oilers zone.
18:07 of 2nd period - Shot by Ryan O'Reilly.
18:07 of 2nd period - Shot Misses the Net.
18:21 of 2nd period - Shot by Anthony Cirelli.
18:21 of 2nd period - Deflect By Jack Quinn.
18:21 of 2nd period - Shot Blocked by Dominic Kubalik.
18:23 of 2nd period - Shot by Anthony Cirelli.
18:23 of 2nd period - Shot Blocked by Justin Schultz.
18:29 of 2nd period - Dylan Strome is hit by Justin Schultz and loses puck.
18:34 of 2nd period - Shot by Anthony Cirelli.
18:34 of 2nd period - Goal by Anthony Cirelli - EDMONTON Oilers : 1 - ST. LOUIS Blues : 2.
18:35 of 2nd period - Dylan Larkin wins face-off versus Yegor Sharangovich in neutral zone.
19:25 of 2nd period - Shot by Nico Hischier.
19:25 of 2nd period - Shot Misses the Net.
19:55 of 2nd period - Shot by David Perron.
19:55 of 2nd period - Goal by David Perron - EDMONTON Oilers : 1 - ST. LOUIS Blues : 3.
19:56 of 2nd period - Ryan O'Reilly wins face-off versus Craig Smith in neutral zone.
19:56 of 2nd period - Ryan O'Reilly is hit by Craig Smith.
Goals for this period are 1 for EDMONTON Oilers vs 1 for ST. LOUIS Blues .
Shots for this period are 8 for EDMONTON Oilers vs 3 for ST. LOUIS Blues .

3rd period


0:01 of 3rd period - Dylan Larkin wins face-off versus Ryan O'Reilly in neutral zone.
0:12 of 3rd period - Shot by Brendan Gallagher.
0:12 of 3rd period - Shot Hit the Post.
0:14 of 3rd period - Shot by Justin Schultz.
0:14 of 3rd period - Stopped by Juuse Saros without a rebound.
0:15 of 3rd period - Nico Hischier wins face-off versus Dominic Kubalik in EDMONTON Oilers zone.
0:30 of 3rd period - Shot by Mitch Marner.
0:30 of 3rd period - Stopped by Mackenzie Blackwood without a rebound.
0:31 of 3rd period - Dylan Larkin wins face-off versus Ryan O'Reilly in ST. LOUIS Blues zone.
0:35 of 3rd period - Icing by Jonas Brodin.
0:36 of 3rd period - Ryan O'Reilly wins face-off versus Dylan Larkin in ST. LOUIS Blues zone.
1:21 of 3rd period - Shot by Jesper Bratt.
1:21 of 3rd period - Stopped by Juuse Saros without a rebound.
1:22 of 3rd period - Nico Hischier wins face-off versus David Perron in EDMONTON Oilers zone.
1:22 of 3rd period - Oliver Ekman-Larsson is hit by James Neal and loses puck.
1:41 of 3rd period - Shot by Dominic Kubalik.
1:41 of 3rd period - Stopped by Juuse Saros without a rebound.
1:42 of 3rd period - Craig Smith wins face-off versus Anthony Cirelli in EDMONTON Oilers zone.
2:03 of 3rd period - Shot by Craig Smith.
2:03 of 3rd period - Stopped by Juuse Saros without a rebound.
2:04 of 3rd period - Dylan Larkin wins face-off versus Ryan O'Reilly in EDMONTON Oilers zone.
2:05 of 3rd period - Shot by Jesper Bratt.
2:05 of 3rd period - Stopped by Juuse Saros without a rebound.
2:06 of 3rd period - Dylan Larkin wins face-off versus Ryan O'Reilly in EDMONTON Oilers zone.
2:06 of 3rd period - Justin Schultz is hit by Jonas Siegenthaler and loses puck.
2:15 of 3rd period - Shot by Arthur Kaliyev.
2:15 of 3rd period - Shot Misses the Net.
2:17 of 3rd period - Shot by Nikolaj Ehlers.
2:17 of 3rd period - Goal by Nikolaj Ehlers - EDMONTON Oilers : 2 - ST. LOUIS Blues : 3.
2:18 of 3rd period - David Perron wins face-off versus Nico Hischier in neutral zone.
2:21 of 3rd period - Shot by Olli Juolevi.
2:21 of 3rd period - Shot Blocked by Roman Josi .
2:35 of 3rd period - Mitch Marner is hit by Dominic Kubalik and loses puck.
2:59 of 3rd period - Shot by Dominic Kubalik.
2:59 of 3rd period - Shot Blocked by Tony DeAngelo.
3:10 of 3rd period - Icing by Clayton Keller.
3:11 of 3rd period - Dylan Larkin wins face-off versus Nico Hischier in EDMONTON Oilers zone.
3:16 of 3rd period - Shot by Jesper Bratt.
3:16 of 3rd period - Shot Misses the Net.
3:18 of 3rd period - Shot by Jonas Brodin.
3:18 of 3rd period - Stopped by Juuse Saros without a rebound.
3:19 of 3rd period - Ryan O'Reilly wins face-off versus Dylan Larkin in EDMONTON Oilers zone.
3:48 of 3rd period - Shot by Dylan Larkin.
3:48 of 3rd period - Stopped by Juuse Saros without a rebound.
3:49 of 3rd period - Craig Smith wins face-off versus Anthony Cirelli in EDMONTON Oilers zone.
3:52 of 3rd period - Shot by Jaden Schwartz.
3:52 of 3rd period - Shot Misses the Net.
3:54 of 3rd period - Shot by Craig Smith.
3:54 of 3rd period - Shot Misses the Net.
3:56 of 3rd period - Shot by Craig Smith.
3:56 of 3rd period - Goal by Craig Smith - EDMONTON Oilers : 2 - ST. LOUIS Blues : 4.
3:57 of 3rd period - Anthony Cirelli wins face-off versus David Perron in neutral zone.
4:01 of 3rd period - Off-side.
4:02 of 3rd period - Ryan O'Reilly wins face-off versus Dylan Larkin in neutral zone.
4:02 of 3rd period - Ryan O'Reilly is hit by Brendan Gallagher.
5:25 of 3rd period - Shot by James Neal.
5:25 of 3rd period - Stopped by Juuse Saros without a rebound.
5:26 of 3rd period - Nico Hischier wins face-off versus Craig Smith in EDMONTON Oilers zone.
5:26 of 3rd period - Nico Hischier is hit by Matthew Highmore.
5:40 of 3rd period - Shot by Tony DeAngelo.
5:40 of 3rd period - Stopped by Mackenzie Blackwood without a rebound.
5:41 of 3rd period - Anthony Cirelli wins face-off versus David Perron in ST. LOUIS Blues zone.
5:59 of 3rd period - Minor Penalty to Alexander Romanov for Cross-checking.
6:00 of 3rd period - Anthony Cirelli wins face-off versus Dylan Larkin in EDMONTON Oilers zone.
6:34 of 3rd period - Shot by Jesper Bratt.
6:34 of 3rd period - Shot Blocked by Roman Josi .
6:36 of 3rd period - Shot by Justin Schultz.
6:36 of 3rd period - Stopped by Juuse Saros without a rebound.
6:37 of 3rd period - David Perron wins face-off versus Nikolaj Ehlers in EDMONTON Oilers zone.
6:44 of 3rd period - Shot by Dominic Kubalik.
6:44 of 3rd period - Stopped by Juuse Saros without a rebound.
6:45 of 3rd period - David Perron wins face-off versus Ryan O'Reilly in EDMONTON Oilers zone.
6:46 of 3rd period - Shot by Olli Juolevi.
6:46 of 3rd period - Shot Misses the Net.
7:08 of 3rd period - Icing by James Neal.
7:09 of 3rd period - Anthony Cirelli wins face-off versus David Perron in ST. LOUIS Blues zone.
7:12 of 3rd period - Shot by Dylan Strome.
7:12 of 3rd period - Shot Blocked by Brayden McNabb.
7:24 of 3rd period - Shot by Dominic Kubalik.
7:24 of 3rd period - Stopped by Juuse Saros with a rebound.
7:32 of 3rd period - Shot by Olli Juolevi.
7:32 of 3rd period - Stopped by Juuse Saros without a rebound.
7:33 of 3rd period - Dylan Larkin wins face-off versus Ryan O'Reilly in EDMONTON Oilers zone.
8:04 of 3rd period - Shot by Jaden Schwartz.
8:04 of 3rd period - Shot Blocked by Alexander Romanov.
8:17 of 3rd period - Shot by Matthew Highmore.
8:17 of 3rd period - Shot Blocked by Nico Hischier.
8:20 of 3rd period - Icing by Nico Hischier.
8:21 of 3rd period - David Perron wins face-off versus Nico Hischier in EDMONTON Oilers zone.
8:32 of 3rd period - Shot by Dominic Kubalik.
8:32 of 3rd period - Stopped by Juuse Saros without a rebound.
8:33 of 3rd period - Ryan O'Reilly wins face-off versus Dylan Larkin in EDMONTON Oilers zone.
8:46 of 3rd period - Shot by Ryan O'Reilly.
8:46 of 3rd period - Deflect By Nikolaj Ehlers.
8:46 of 3rd period - Shot Blocked by Jonas Brodin.
8:48 of 3rd period - Shot by Tony DeAngelo.
8:48 of 3rd period - Stopped by Mackenzie Blackwood without a rebound.
8:49 of 3rd period - Nico Hischier wins face-off versus David Perron in ST. LOUIS Blues zone.
8:58 of 3rd period - Shot by Nico Hischier.
8:58 of 3rd period - Shot Misses the Net.
9:02 of 3rd period - Shot by Clayton Keller.
9:02 of 3rd period - Shot Misses the Net.
9:04 of 3rd period - Shot by Nico Hischier.
9:04 of 3rd period - Stopped by Mackenzie Blackwood with a rebound.
9:06 of 3rd period - Shot by Oliver Ekman-Larsson.
9:06 of 3rd period - Shot Misses the Net.
9:12 of 3rd period - Shot by Oliver Ekman-Larsson.
9:12 of 3rd period - Shot Blocked by Olli Juolevi.
9:14 of 3rd period - Shot by Oliver Ekman-Larsson.
9:14 of 3rd period - Shot Misses the Net.
9:47 of 3rd period - Icing by Jonas Siegenthaler.
9:48 of 3rd period - Dylan Larkin wins face-off versus Nico Hischier in EDMONTON Oilers zone.
11:15 of 3rd period - Shot by Jack Quinn.
11:15 of 3rd period - Stopped by Mackenzie Blackwood with a rebound.
11:17 of 3rd period - Shot by Rasmus Sandin.
11:17 of 3rd period - Goal by Rasmus Sandin - EDMONTON Oilers : 3 - ST. LOUIS Blues : 4.
11:18 of 3rd period - David Perron wins face-off versus Yegor Sharangovich in neutral zone.
11:21 of 3rd period - Shot by Dominic Kubalik.
11:21 of 3rd period - Shot Misses the Net.
11:56 of 3rd period - Shot by David Perron.
11:56 of 3rd period - Shot Blocked by Oliver Ekman-Larsson.
11:58 of 3rd period - Shot by Olli Juolevi.
11:58 of 3rd period - Shot Misses the Net.
12:00 of 3rd period - Shot by Olli Juolevi.
12:00 of 3rd period - Stopped by Juuse Saros without a rebound.
12:01 of 3rd period - Matthew Highmore wins face-off versus Nico Hischier in EDMONTON Oilers zone.
12:01 of 3rd period - Minor Penalty to Tony DeAngelo for High sticking.
12:02 of 3rd period - Ryan O'Reilly wins face-off versus David Perron in EDMONTON Oilers zone.
12:24 of 3rd period - Shot by Olli Juolevi.
12:24 of 3rd period - Shot Misses the Net.
13:11 of 3rd period - Shot by Jonas Brodin.
13:11 of 3rd period - Stopped by Juuse Saros without a rebound.
13:12 of 3rd period - Ryan O'Reilly wins face-off versus Dylan Larkin in EDMONTON Oilers zone.
13:36 of 3rd period - Shot by Justin Schultz.
13:36 of 3rd period - Shot Misses the Net.
13:38 of 3rd period - Shot by Jonas Brodin.
13:38 of 3rd period - Stopped by Juuse Saros without a rebound.
13:39 of 3rd period - Ryan O'Reilly wins face-off versus David Perron in EDMONTON Oilers zone.
13:50 of 3rd period - Shot by Olli Juolevi.
13:50 of 3rd period - Stopped by Juuse Saros without a rebound.
13:51 of 3rd period - David Perron wins face-off versus Ryan O'Reilly in EDMONTON Oilers zone.
14:04 of 3rd period - Shot by Matthew Highmore.
14:04 of 3rd period - Stopped by Juuse Saros without a rebound.
14:05 of 3rd period - Matthew Highmore wins face-off versus Nico Hischier in EDMONTON Oilers zone.
14:58 of 3rd period - Minor Penalty to Brayden McNabb for Roughing.
14:59 of 3rd period - Ryan O'Reilly wins face-off versus Jesper Bratt in ST. LOUIS Blues zone.
15:28 of 3rd period - Shot by Tony DeAngelo.
15:28 of 3rd period - Shot Blocked by Luke Schenn.
16:12 of 3rd period - Shot by Oliver Ekman-Larsson.
16:12 of 3rd period - Shot Misses the Net.
16:14 of 3rd period - Shot by Clayton Keller.
16:14 of 3rd period - Shot Misses the Net.
16:50 of 3rd period - Shot by Roman Josi .
16:50 of 3rd period - Stopped by Mackenzie Blackwood without a rebound.
16:51 of 3rd period - Ryan O'Reilly wins face-off versus Matthew Highmore in ST. LOUIS Blues zone.
16:56 of 3rd period - Shot by Tony DeAngelo.
16:56 of 3rd period - Shot Misses the Net.
16:58 of 3rd period - Shot by Nikolaj Ehlers.
16:58 of 3rd period - Stopped by Mackenzie Blackwood without a rebound.
16:59 of 3rd period - Anthony Cirelli wins face-off versus David Perron in ST. LOUIS Blues zone.
17:00 of 3rd period - Shot by Dylan Strome.
17:00 of 3rd period - Shot Hit the Post.
17:24 of 3rd period - Shot by Dominic Kubalik.
17:24 of 3rd period - Deflect By David Perron.
17:24 of 3rd period - Stopped by Juuse Saros without a rebound.
17:25 of 3rd period - Matthew Highmore wins face-off versus Yegor Sharangovich in EDMONTON Oilers zone.
17:47 of 3rd period - Icing by Jonas Brodin.
17:48 of 3rd period - Ryan O'Reilly wins face-off versus Craig Smith in ST. LOUIS Blues zone.
17:54 of 3rd period - Icing by Jaden Schwartz.
17:55 of 3rd period - Nico Hischier wins face-off versus Jaden Schwartz in ST. LOUIS Blues zone.
18:00 of 3rd period - Shot by Mitch Marner.
18:00 of 3rd period - Stopped by Mackenzie Blackwood without a rebound.
18:01 of 3rd period - Dylan Larkin wins face-off versus Ryan O'Reilly in ST. LOUIS Blues zone.
18:28 of 3rd period - Shot by Ryan O'Reilly.
18:28 of 3rd period - Stopped by Mackenzie Blackwood without a rebound.
18:29 of 3rd period - Nico Hischier wins face-off versus David Perron in ST. LOUIS Blues zone.
18:29 of 3rd period - Nico Hischier is hit by Justin Schultz.
18:41 of 3rd period - Shot by David Perron.
18:41 of 3rd period - Shot Misses the Net.
19:03 of 3rd period - EDMONTON Oilers , Juuse Saros is pulled from the net.
19:20 of 3rd period - Icing by Oliver Ekman-Larsson.
19:21 of 3rd period - Juuse Saros from EDMONTON Oilers was sent back in the game.
19:21 of 3rd period - Dylan Larkin wins face-off versus Nico Hischier in EDMONTON Oilers zone.
19:30 of 3rd period - Jonas Brodin is hit by Oliver Ekman-Larsson and loses puck.
19:46 of 3rd period - Shot by Brendan Gallagher.
19:46 of 3rd period - Shot Blocked by Jonas Siegenthaler.
Goals for this period are 2 for EDMONTON Oilers vs 1 for ST. LOUIS Blues .
Shots for this period are 11 for EDMONTON Oilers vs 20 for ST. LOUIS Blues .